 Dungeon Crawl Stone Soup version 0.25-a0-591-g2ad0d86 (webtiles) character file.

Game seed: 18284682132417039902, levelgen mode: deterministic

6 araganzar the Caller (level 1, -1/17 HPs)
             Began as a Minotaur Summoner on Mar 13, 2020.
             Killed from afar by a dart slug (6 damage)
             ... with a slug dart
             ... on level 1 of the Dungeon.
             The game lasted 00:00:56 (152 turns).

araganzar the Caller (Minotaur Summoner)             Turns: 152, Time: 00:00:57

Health: -1/17      AC:  3    Str: 12    XL:     1   Next: 75%
Magic:  1/1        EV: 12    Int: 12    God:
Gold:   21         SH:  0    Dex: 10    Spells: 1/2 levels left

rFire    . . .     SeeInvis .   (no weapon)
rCold    . . .     Gourm    .   (no shield)
rNeg     . . .     Faith    .   d - +0 leather armour
rPois    .         Spirit   .   (helmet restricted)
rElec    .         Reflect  .   (no cloak)
rCorr    .         Harm     .   (no gloves)
MR       .....                  (no boots)
Stlth    +.........             (no amulet)
HPRegen  0.05/turn              (no ring)
MPRegen  0.07/turn              (no ring)

@: no status effects
A: retaliatory headbutt, horns 2
a: no special abilities


You were on level 1 of the Dungeon.
You were not hungry.

You visited 1 branch of the dungeon, and saw 1 of its levels.

You collected 21 gold pieces.


Innate Abilities, Weirdness & Mutations

You reflexively headbutt those who attack you in melee.
You have a pair of horns on your head.


   Skills:
 + Level 1.7 Fighting
 - Level 2.1 Dodging
 - Level 1.5 Stealth
 - Level 1.3 Spellcasting
 - Level 2.9 Summonings


You had one spell level left.
You knew the following spells:

 Your Spells              Type           Power        Failure   Level  Hunger
a - Summon Small Mammal   Summ           #...         11%         1    ##.....

Your spell library contained the following spells:

 Spells                   Type           Power        Failure   Level  Hunger
 Call Imp                 Summ           #.......     17%         2    ###....
 Call Canine Familiar     Summ           #.......     32%         3    ####...
 Summon Guardian Golem    Hex/Summ       #.......     52%         3    ####...
 Summon Ice Beast         Ice/Summ       #.......     89%         4    #####..
 Summon Lightning Spire   Summ/Air       #.......     89%         4    #####..

Inventory:

Missiles
 f - 12 stones (quivered)
Armour
 a - a +0 robe
 d - a +0 leather armour (worn)
   (You found it on level 1 of the Dungeon)
Scrolls
 b - a scroll of teleportation {unknown}
Potions
 e - 2 potions of curing {unknown}
Comestibles
 c - a ration

###. .... ####... #..
.....# #.. #######....
#.. .........# . ...
######@#### #l#####..
#........K.# #.......#
#........w.#####.......#
#..!.......l.....# #...
#...!..†.((####### ##.##
#..........#########..##
#...........†...†.......
#..........#########.###
.........$#....###..#


You could see a dart slug, a leopard gecko and a kobold.


Message History

The kobold throws a stone.
The stone hits you but does no damage.
You see here a stone.
You hit the kobold. The kobold misses you.
You hit the kobold but do no damage. The dart slug launches a dart at you.
The slug dart misses you. The kobold hits you.
You take 1 damage, and have 15/17 hp.
You hit the kobold but do no damage. The kobold hits you.
You take 1 damage, and have 14/17 hp.
You barely miss the kobold. Your headbutt misses the kobold.
The kobold hits you but does no damage.
You closely miss the kobold. The kobold hits you.
You take 1 damage, and have 14/17 hp.
You barely miss the kobold. The kobold hits you.
You take 1 damage, and have 13/17 hp.
You barely miss the kobold. Your headbutt misses the kobold.
The kobold hits you.
You take 4 damage, and have 9/17 hp.
MASSIVE DAMAGE!!
You hit the kobold but do no damage.
You headbutt the kobold, but do no damage.
The kobold hits you.
* * * LOW HITPOINT WARNING * * *
You take 4 damage, and have 5/17 hp.
MASSIVE DAMAGE!!
Unknown command.
The leopard gecko hisses menacingly.
The dart slug launches a dart at you. The slug dart hits you.
You die...

Action                   || total
-------------------------++-------
Melee: Unarmed           ||    22
       Headbutt          ||     4
 Stab: Sleeping          ||     2
Armor: Leather armour    ||     9
       Robe              ||     1
Dodge: Dodged            ||    14

Levels and vault maps discovered:
D:1:      mrwooster_arrival_statue_3, layout_rooms, cheibriados_altar_1

Notes
Turn   | Place    | Note
-------+----------+-------------------------------------------
     0 | D:1      | araganzar the Minotaur Summoner began the quest for the
                  | Orb.
     0 | D:1      | Reached XP level 1. HP: 14/14 MP: 1/1
    29 | D:1      | Found a snail-covered altar of Cheibriados.
    46 | D:1      | Reached skill level 1 in Fighting
   152 | D:1      | Killed from afar by a dart slug

Vanquished Creatures
  A bat (D:1)
  A giant cockroach (D:1)
  A hobgoblin (D:1)
  A frilled lizard (D:1)
  2 rats (D:1)
6 creatures vanquished.
